 Dungeon Crawl Stone Soup version 0.26.1-11-gd32895ea62 (webtiles) character file.

Game seed: 229502820640562947

49 ComPlaying the Skirmisher (level 3, -1/40 HPs)
             Began as an Ogre Berserker on July 16, 2021.
             Was a Believer of Trog.
             Killed from afar by an orc wizard (3 damage)
             ... with a puff of flame
             ... on level 4 of the Dungeon.
             The game lasted 00:05:06 (1498 turns).

ComPlaying the Skirmisher (Ogre Berserker)          Turns: 1498, Time: 00:05:09

Health: -1/40      AC:  3    Str: 22    XL:     3   Next: 77%
Magic:  3/3        EV: 10    Int:  8    God:    Trog [**....]
Gold:   31         SH:  0    Dex:  8    Spells: 2/2 levels left

rFire    + . .     SeeInvis .   a - +0 hand axe
rCold    + . .     Faith    .   (no shield)
rNeg     . . .     Spirit   .   b - +0 animal skin
rPois    +         Reflect  .   (helmet restricted)
rElec    +         Harm     .   (no cloak)
rCorr    +         Rampage  .   (gloves unavailable)
Will     ++...                  (boots unavailable)
Stlth    +.........             (no amulet)
HPRegen  1.13/turn              (no ring)
MPRegen  0.08/turn              (no ring)

@: resistant, berserk cooldown, flying, regenerating (expiring)
A: large, unfitting armour, tough skin 1
a: Renounce Religion, Berserk, Trog's Hand


You were on level 4 of the Dungeon.
You worshipped Trog.
Trog was pleased with you.
You visited 1 branch of the dungeon, and saw 3 of its levels.

You collected 31 gold pieces.

Inventory:

Hand Weapons
 a - a +0 hand axe (weapon)
Missiles
 e - 24 stones
 k - 23 arrows
Armour
 b - a +0 animal skin (worn)
Jewellery
 h - a cursed ring of teleportation {unknown}
Scrolls
 c - 2 scrolls of remove curse
 g - a scroll of identify {unknown}
 i - a scroll of amnesia {unknown}
 j - a scroll of teleportation {unknown}


   Skills:
 + Level 4.6 Fighting
 + Level 3.6 Axes
 + Level 3.3 Dodging


You had 2 spell levels left.
You didn't know any spells.
Your spell library was empty.

Dungeon Overview and Level Annotations

Branches:
Dungeon (2/15)

Altars:

Shops:
D:4 }


Innate Abilities, Weirdness & Mutations

You are too large for most types of armour.
You have tough skin. (AC +1)


Message History

You feel protected. The orc wizard barely misses you.
The phantom blinks!
The adder skeleton barely misses you.
You barely miss the adder skeleton. You slash the orc wizard!
The orc wizard hits you but does no damage.
The adder skeleton bites you.
* * * LOW HITPOINT WARNING * * *
The orc wizard barely misses you.
You hit the adder skeleton but do no damage.
You barely miss the orc wizard. The adder skeleton misses you.
The orc wizard gestures at you while chanting.
The magic dart hits you!
* * * LOW HITPOINT WARNING * * *
As you read the scroll labelled HEUTYL LEBRI, it crumbles to dust.
You feel blessed for a moment.
It was a scroll of remove curse.
The phantom blinks!
The adder skeleton bites you but does no damage.
The orc wizard points at you and mumbles some strange words.
The puff of flame hits you. You resist.
You die...

.. #.# ####### #.# ##
#.§o@†# #.# .. ..
.######.###Z# #.# .# #....
..........#.#
#.#..####....
######.#..∩###.#..........
#####........W....# ###.##
......)..#####.#### #.
#####.##....W..# # #.
#.........# #. #.#######o#


You could see an orc wizard and an adder skeleton.

Vanquished Creatures
  3 dart slugs (D:1)
  3 orcs (D:4)
  5 bats (D:1)
  A giant cockroach (D:1)
  4 goblins (D:1)
  4 hobgoblins (D:1)
  7 jackals
  5 kobolds
  A ball python (D:1)
  3 rats
36 creatures vanquished.

Notes
Turn   | Place    | Note
-------+----------+-------------------------------------------
     0 | D:1      | ComPlaying the Ogre Berserker began the quest for the Orb.
     0 | D:1      | Reached XP level 1. HP: 24/24 MP: 1/1
   186 | D:1      | Reached XP level 2. HP: 25/32 MP: 2/2
   818 | D:1      | Reached XP level 3. HP: 40/40 MP: 3/3
  1310 | D:1      | Reached ** piety under Trog
  1432 | D:2      | You fall into a shaft and drop 2 floors!
  1445 | D:4      | Found Zaoqin's Gadget Shop.
  1445 | D:4      | Noticed a phantom
  1497 | D:4      | HP: 1/40 [orc wizard/magic dart (8)]
  1498 | D:4      | Killed from afar by an orc wizard

Illustrated notes

Levels and vault maps discovered:
D:1:      erik_arrival_blinker_ship, layout_basic
D:2:      minmay_wonky_spiral, layout_basic, general_overflow_altar,
          nzn_hepliaklqana_mist_gate, chequers_serial_rivers_room_b,
          chequers_serial_rivers_large_a, minmay_octomino_c4, uniq_sigmund
D:4:      layout_loops_ring, old_standard_altar, vehumet_statue, serial_shops,
          shop, uniq_edmund, uniq_robin, uniq_eustachio

Skill      XL: |  1  2 |
---------------+-------+-----
Dodging        | 3 |  3.3
Fighting       | |  4.6
Axes           | |  3.6

Action                   || total
-------------------------++-------
Melee: Hand axe          ||   129
Invok: Berserk           ||     2
       Trog's Hand       ||     1
  Use: Potion            ||     2
       Scroll            ||     1
Armor: Animal skin       ||    31
Dodge: Dodged            ||    86
